 Dungeon Crawl Stone Soup version 0.19.1 (webtiles) character file.

1603 Ladykiller69 the Fighter (level 8, 0/89 HPs)
             Began as an Ogre Hunter on Dec 23, 2016.
             Was a Believer of Okawaru.
             Slain by a gnoll (6 damage)
             ... on level 6 of the Dungeon.
             The game lasted 00:25:40 (7549 turns).

Ladykiller69 the Fighter (Ogre Hunter)              Turns: 7549, Time: 00:25:41

Health: 0/89       AC:  5    Str: 18    XL:     8   Next: 94%
Magic:  8/8        EV: 12    Int: 10    God:    Okawaru [**....]
Gold:   244        SH:  0    Dex: 12    Spells: 0 memorised, 7 levels left

rFire  . . .     SeeInvis .     h - +0 rapier
rCold  . . .     Gourm    .     B - +1 animal skin
rNeg   . . .     Faith    .     (no shield)
rPois  .         Spirit   .     (helmet restricted)
rElec  .         Reflect  .     g - +0 cloak
rCorr  .         Harm     .     (gloves unavailable)
MR     .....                    (boots unavailable)
Stlth  +.........               (no amulet)
                                (no ring)
                                (no ring)

@: no status effects
A: unfitting armour, tough skin 1
a: Heroism, Renounce Religion


You were on level 6 of the Dungeon.
You worshipped Okawaru.
Okawaru was pleased with you.
You were not hungry.

You visited 2 branches of the dungeon, and saw 8 of its levels.

You collected 244 gold pieces.

Inventory:

Hand Weapons
 a - a +0 short sword
 h - a +0 rapier (weapon)
 A - a +0 falchion
Missiles
 i - 107 stones (quivered)
 s - 60 poisoned needles
 L - 3 large rocks
Armour
 b - a +0 robe
 g - a +0 cloak (worn)
 q - a +0 shield
 B - a +1 animal skin (worn)
Jewellery
 u - a cursed ring of teleportation {unknown}
 w - a +6 ring of evasion {unknown}
 K - an uncursed amulet of regeneration {unknown}
Wands
 I - a wand of iceblast (10/15)
 M - a wand of digging (13/24)
Scrolls
 e - a scroll of fear {unknown}
 k - 7 scrolls of identify {unknown}
 o - 3 scrolls of remove curse {unknown}
 p - 2 scrolls of immolation {unknown}
 r - a scroll of enchant weapon {unknown}
 y - a scroll of amnesia {unknown}
 F - a scroll of teleportation {unknown}
 G - 2 scrolls of random uselessness {unknown}
 H - 2 scrolls of recharging {unknown}
 N - a scroll of acquirement {unknown}
Potions
 j - a potion of agility
 m - a potion of resistance {unknown}
 n - a potion of flight {unknown}
 v - a potion of haste {unknown}
 x - a potion of invisibility {unknown}
 z - 2 potions of might
 E - 3 potions of curing {unknown}
Books
 t - a book of Minor Magic

   Spells                             Type                      Level
   a - Magic Dart                     Conjuration                  1
   b - Blink                          Translocation                2
   c - Call Imp                       Summoning                    2
   d - Repel Missiles                 Charms/Air                   2
   e - Slow                           Hexes                        2
   f - Conjure Flame                  Conjuration/Fire             3
   g - Mephitic Cloud                 Conjuration/Poison/Air       3
 C - a book of Clouds

   Spells                             Type                      Level
   a - Mephitic Cloud                 Conjuration/Poison/Air       3
   b - Conjure Flame                  Conjuration/Fire             3
   c - Poisonous Cloud                Conjuration/Poison/Air       6
   d - Freezing Cloud                 Conjuration/Ice/Air          6
   e - Ring of Flames                 Charms/Fire                  7
 J - a book of Cantrips

   Spells                             Type                      Level
   a - Confusing Touch                Hexes                        1
   b - Animate Skeleton               Necromancy                   1
   c - Summon Small Mammal            Summoning                    1
   d - Apportation                    Translocation                1
Comestibles
 c - a chunk of flesh
 d - a beef jerky
 f - 3 bread rations
 l - 7 fruits
 D - 2 meat rations


   Skills:
 + Level 8.6 Fighting
 + Level 7.4 Throwing
 + Level 6.1 Dodging
 - Level 0.6 Stealth


You had 7 spell levels left.
You didn't know any spells.

Dungeon Overview and Level Annotations

Branches:
Dungeon (7/15)             Temple (1/1) D:4

Altars:
Cheibriados
Dithmenos
Elyvilon
Fedhas
Hepliaklqana
Kikubaaqudgha
Makhleb
Okawaru
Qazlal
Ru
Sif Muna
Trog
Uskayaw
Xom
Yredelemnul
Zin
The Shining One


Innate Abilities, Weirdness & Mutations

You are too large for most types of armour.
You have tough skin. (AC +1)


Message History

The gnoll hits you.
* * * LOW HITPOINT WARNING * * *
Unknown command.
You barely miss the gnoll.
The gnoll is severely wounded.
The gnoll barely misses you.
Throwing (i - inventory. (,) - cycle):
i - 108 stones (quivered)
Press: ? - help, Shift-Dir - straight line, f - gnoll
Aim: a gnoll (severely wounded)
You throw a stone.
The stone hits the gnoll but does no damage.
The gnoll is severely wounded.
The gnoll hits you but does no damage.
You barely miss the gnoll.
The gnoll is severely wounded.
The gnoll completely misses you.
You hit the gnoll.
The gnoll is almost dead.
The gnoll hits you.
You die...

### #.# ###### #.# ##....###
#.# ##.....(.###.#
##....###..##.#########
##....## ##.)#.........#
####....## ##g@.........#
.......## ##..####.##.#
......## ##......##.#####
.....## ##.####.......# ##...#
#......#.###.# #...## .#+
##.####.#.# #.# ##.#..###
..###..####.#.###.#
..........###.....>...........#
...##.........##........#####.#


You could see a gnoll.

Vanquished Creatures
  Grinder (D:5)
  Menkaure (D:4)
  2 sky beasts
  An orc warrior (D:6)
  The ghost of lofty the Skirmisher, an amateur MiAK of Lugonu (D:3)
  An ice beast (D:6)
  A centaur (D:7)
  The ghost of dscm the Shield-Bearer, an amateur OpFi (D:5)
  Blork the orc (D:4)
  A bullfrog (D:6)
  2 scorpions
  2 iguanas (D:5)
  An orc wizard (D:6)
  Jessica (D:2)
  Terence (D:2)
  2 worker ants
  A hound skeleton (D:5)
  Robin (D:3)
  4 gnolls
  10 adders
  A shadow imp (D:6)
  An ooze (D:1)
  An adder zombie (D:6)
  3 worms
  3 dart slugs
  4 leopard geckos
  10 orcs
  A ball python (D:2)
  6 bats
  4 giant cockroaches
  10 goblins
  7 hobgoblins
  5 jackals
  9 kobolds
  2 quokkas
  A frilled lizard (D:1)
  4 rats
108 creatures vanquished.

Notes
Turn   | Place    | Note
-------+----------+-------------------------------------------
     0 | D:1      | Ladykiller69 the Ogre Hunter began the quest for the Orb.
     0 | D:1      | Reached XP level 1. HP: 22/22 MP: 1/1
    92 | D:1      | Reached skill level 3 in Fighting
   149 | D:1      | Reached XP level 2. HP: 28/31 MP: 2/2
   659 | D:1      | Reached XP level 3. HP: 32/37 MP: 3/3
   765 | D:1      | You fall through a shaft!
  1226 | D:2      | Reached skill level 4 in Fighting
  1251 | D:2      | Reached XP level 4. HP: 37/48 MP: 4/4
  1638 | D:2      | Noticed Terence
  1653 | D:2      | Killed Terence
  1723 | D:2      | Noticed Jessica
  1730 | D:2      | Killed Jessica
  1730 | D:2      | Reached XP level 5. HP: 55/55 MP: 5/5
  1793 | D:2      | Found a blossoming altar of Fedhas.
  2216 | D:3      | Noticed lofty's ghost (amateur MiAK)
  3198 | D:3      | Killed lofty's ghost
  3198 | D:3      | Reached skill level 5 in Fighting
  3198 | D:3      | Reached skill level 5 in Throwing
  3198 | D:3      | Reached XP level 6. HP: 66/66 MP: 6/6
  3220 | D:4      | Noticed Robin
  3242 | D:3      | Killed Robin
  3359 | D:4      | Noticed Blork the orc
  3366 | D:4      | Killed Blork the orc
  3564 | D:4      | Noticed Menkaure
  3908 | D:4      | Found a staircase to the Ecumenical Temple.
  3917 | Temple   | Entered the Ecumenical Temple
  3945 | Temple   | Became a worshipper of Warmaster Okawaru
  4132 | D:4      | Reached XP level 7. HP: 68/74 MP: 7/7
  4366 | D:4      | Killed Menkaure
  4366 | D:4      | Reached skill level 6 in Fighting
  4657 | D:4      | Found a deep blue altar of Sif Muna.
  4657 | D:4      | Found a glowing silver altar of Zin.
  4658 | D:4      | Found a hide-covered altar of Uskayaw.
  5249 | D:5      | Entered Level 5 of the Dungeon
  5516 | D:5      | Noticed Grinder
  5518 | D:5      | Paralysed by Grinder for 7 turns
  5533 | D:5      | Killed Grinder
  5533 | D:5      | Reached * piety under Okawaru
  5533 | D:5      | Reached skill level 7 in Fighting
  5533 | D:5      | Reached skill level 5 in Dodging
  5533 | D:5      | Reached XP level 8. HP: 19/87 MP: 8/8
  5717 | D:5      | Noticed dscm's ghost (amateur OpFi)
  5725 | D:5      | Killed dscm's ghost
  6074 | D:6      | You fall through a shaft!
  6106 | D:7      | Reached skill level 8 in Fighting
  6707 | D:5      | HP: 3/88 [sky beast (5)]
  6711 | D:5      | Reached ** piety under Okawaru
  7549 | D:6      | Slain by a gnoll

Skill      XL: |  1  2  3  4  5  6  7  8 |
---------------+-------------------------+-----
Fighting       | 3 4 5 7 8 |  8.6
Dodging        | 2 3 4 5 6 |  6.1
Throwing       | 5 6 7 |  7.4
Stealth        | |  0.6

Action                   |  1- 3 |  4- 6 |  7- 9 || total
-------------------------+-------+-------+-------++-------
Melee: Short sword       |    30 |       |       ||    30
       Rapier            |    20 |   145 |   111 ||   276
Throw: Large rock        |     4 |    15 |    26 ||    45
       Stone             |    35 |    96 |    76 ||   207
       Throwing net      |       |       |     2 ||     2
  Use: Potion            |       |     2 |       ||     2
 Stab: Sleeping          |     1 |       |       ||     1
  Eat: Chunk             |     1 |     7 |     3 ||    11
       Bread ration      |       |     1 |     1 ||     2
       Beef jerky        |       |       |     1 ||     1
Armor: Robe              |    18 |    45 |       ||    63
       Animal skin       |       |    24 |    40 ||    64
Dodge: Dodged            |    43 |   139 |    87 ||   269
